HSSL
GRAND RAPIDS HS SUMMIT @ TACOMA HS TORCHMEN
04/08/2026
 
TOP OF THE 1ST
Grand Rapids HS Summit batting - Pitching for Tacoma HS Torchmen : RHP Dax Green
Pitching: RHP Dax Green
Batting: RHB Bob Barnes 0-0: Ground out 1-3 (Groundball, 15)
Batting: LHB Chris Henry 0-0: Ground out 4-3 (Groundball, 4)
Batting: RHB Jonathan Holden 0-0: Ball
1-0: DOUBLE (Flyball, 9LM)
Batting: LHB Carlos Gutiérrez 0-0: Called Strike
0-1: Ball
1-1: Ball
2-1: Swinging Strike
2-2: Fly out, F9 (Line Drive, 9M)
Top of the 1st over - 0 run(s), 1 hit(s), 0 error(s), 1 left on base; Grand Rapids HS 0 - Tacoma HS 0
BOTTOM OF THE 1ST
Tacoma HS Torchmen batting - Pitching for Grand Rapids HS Summit : LHP Martín Aragón
Pitching: LHP Martín Aragón
Batting: RHB Cristián Ortega 0-0: Called Strike
0-1: Ball
1-1: Fly out, F8 (Flyball, 8RM)
Batting: RHB Dexter Wooten 0-0: Called Strike
0-1: Foul Ball, location: 2F
0-2: SINGLE (Line Drive, 34D)
Batting: RHB Millard Ferguson 0-0: Called Strike
0-1: Foul Ball, location: 2F
0-2: Foul Ball, location: 2F
0-2: Reached on error, E5 (Groundball, 5)
Dexter Wooten to second
Batting: LHB Larry Estes 0-0: Ball
1-0: Foul Ball, location: 2F
1-1: Swinging Strike
1-2: Ball
2-2: Ball
3-2: Grounds into double play, 4-6-3 (Groundball, 4)
Bottom of the 1st over - 0 run(s), 1 hit(s), 1 error(s), 1 left on base; Grand Rapids HS 0 - Tacoma HS 0
TOP OF THE 2ND
Grand Rapids HS Summit batting - Pitching for Tacoma HS Torchmen : RHP Dax Green
Batting: LHB Harry Adams 0-0: Called Strike
0-1: Fly out, F7 (Flyball, 7M)
Batting: LHB Daniel Orozco 0-0: Ball
1-0: Ball
2-0: Ball
3-0: Foul Ball, location: 2F
3-1: Base on Balls
Batting: RHB Júlio Ramos 0-0: Called Strike
0-1: Ball
1-1: Foul Ball, location: 2F
1-2: Ball
2-2: Strikes out swinging
Batting: RHB Leroy Bates 0-0: Ground out 4-3 (Groundball, 34)
Top of the 2nd over - 0 run(s), 0 hit(s), 0 error(s), 1 left on base; Grand Rapids HS 0 - Tacoma HS 0
BOTTOM OF THE 2ND
Tacoma HS Torchmen batting - Pitching for Grand Rapids HS Summit : LHP Martín Aragón
Batting: RHB Harold Allen 0-0: Ball
1-0: Fly out, F3 (Popup, 3F)
Batting: RHB Edison Jones 0-0: Called Strike
0-1: Called Strike
0-2: Ball
1-2: Foul Ball, location: 2F
1-2: Foul Ball, location: 2F
1-2: Ball
2-2: Foul Ball, location: 2F
2-2: Ground out 6-3 (Groundball, 6)
Batting: RHB Ray Bray 0-0: Ball
1-0: Called Strike
1-1: Ball
2-1: Ball
3-1: Called Strike
3-2: Foul Ball, location: 2F
3-2: Strikes out swinging
Bottom of the 2nd over - 0 run(s), 0 hit(s), 0 error(s), 0 left on base; Grand Rapids HS 0 - Tacoma HS 0
TOP OF THE 3RD
Grand Rapids HS Summit batting - Pitching for Tacoma HS Torchmen : RHP Dax Green
Batting: RHB Gabriel Bernal 0-0: Ball
1-0: Called Strike
1-1: Ball
2-1: Foul Ball, location: 2F
2-2: Strikes out swinging
Batting: RHB Bob Barnes 0-0: Called Strike
0-1: SINGLE (Groundball, 4M)
Batting: LHB Chris Henry 0-0: Ball
Bob Barnes is caught stealing 2nd base
1-0: Ball
2-0: Ball
3-0: Called Strike
3-1: Swinging Strike
3-2: Base on Balls
Batting: RHB Jonathan Holden 0-0: Called Strike
Chris Henry is caught stealing 2nd base
Top of the 3rd over - 0 run(s), 1 hit(s), 0 error(s), 0 left on base; Grand Rapids HS 0 - Tacoma HS 0
BOTTOM OF THE 3RD
Tacoma HS Torchmen batting - Pitching for Grand Rapids HS Summit : LHP Martín Aragón
Batting: RHB Dave MacGruder 0-0: Ball
1-0: Called Strike
1-1: Ball
2-1: Foul Ball, location: 2F
2-2: Strikes out swinging
Batting: RHB Scotty Sherman 0-0: Ball
1-0: Ball
2-0: Called Strike
2-1: Called Strike
2-2: Ball
3-2: Base on Balls
Batting: RHB Cristián Ortega 0-0: Ball
1-0: Called Strike
1-1: Fielders Choice at 2nd, 6-4 (Groundball, 6)
Batting: RHB Dexter Wooten 0-0: DOUBLE (Line Drive, 89M)
Cristián Ortega to third
Batting: RHB Millard Ferguson 0-0: Ball
1-0: Called Strike
1-1: Foul Ball, location: 2F
1-2: Foul Ball, location: 2F
1-2: DOUBLE (Line Drive, 9LS)
Cristián Ortega scores
Dexter Wooten scores
Batting: LHB Larry Estes 0-0: Fly out, F8 (Flyball, 8RXD)
Bottom of the 3rd over - 2 run(s), 2 hit(s), 0 error(s), 1 left on base; Grand Rapids HS 0 - Tacoma HS 2
TOP OF THE 4TH
Grand Rapids HS Summit batting - Pitching for Tacoma HS Torchmen : RHP Dax Green
Batting: RHB Jonathan Holden 0-0: Foul Ball, location: 2F
0-1: Ball
1-1: Ball
2-1: Swinging Strike
2-2: Reached on Error, E9 (Flyball, 9M)
Batting: LHB Carlos Gutiérrez 0-0: Called Strike
0-1: Fly out, F5 (Popup, 5SF)
Batting: LHB Harry Adams 0-0: Foul Ball, location: 2F
0-1: Ball
1-1: Ball
2-1: Foul Ball, location: 2F
2-2: Foul Ball, location: 2F
2-2: Strikes out swinging
Batting: LHB Daniel Orozco 0-0: Ball
1-0: Called Strike
1-1: Called Strike
1-2: Strikes out swinging
Top of the 4th over - 0 run(s), 0 hit(s), 1 error(s), 1 left on base; Grand Rapids HS 0 - Tacoma HS 2
BOTTOM OF THE 4TH
Tacoma HS Torchmen batting - Pitching for Grand Rapids HS Summit : LHP Martín Aragón
Batting: RHB Harold Allen 0-0: Ball
1-0: Foul Ball, location: 2F
1-1: Called Strike
1-2: SINGLE (Line Drive, 7S)
Batting: RHB Edison Jones 0-0: Called Strike
0-1: Called Strike
0-2: Foul Ball, location: 2F
0-2: Ball
1-2: Ball
2-2: Reached on error, E6 (Groundball, 6)
Harold Allen to second
Batting: RHB Ray Bray 0-0: Ball
1-0: Swinging Strike
1-1: Swinging Strike
1-2: Foul Ball, location: 2F
1-2: Foul Ball, location: 2F
1-2: Foul Ball, location: 2F
1-2: Foul Ball, location: 2F
1-2: Ball
2-2: Foul Ball, location: 2F
2-2: Ball
3-2: Strikes out swinging
Batting: RHB Dave MacGruder 0-0: Ball
1-0: Called Strike
1-1: Foul Ball, location: 2F
1-2: Strikes out swinging
Batting: RHB Scotty Sherman 0-0: Called Strike
0-1: SINGLE (Flyball, 89S)
Harold Allen to third
Edison Jones to second
Runner from 3rd tries for Home, SAFE, no throw or cutoff
Pitching: LHP Tom Simms
Batting: RHB Cristián Ortega 0-0: Ball
1-0: Ball
2-0: Fly out, F7 (Flyball, 7S)
Bottom of the 4th over - 1 run(s), 2 hit(s), 1 error(s), 2 left on base; Grand Rapids HS 0 - Tacoma HS 3
TOP OF THE 5TH
Grand Rapids HS Summit batting - Pitching for Tacoma HS Torchmen : RHP Dax Green
Batting: RHB Júlio Ramos 0-0: Called Strike
0-1: Swinging Strike
0-2: Foul Ball, location: 2F
0-2: Ball
1-2: Ball
2-2: Strikes out swinging
Batting: RHB Leroy Bates 0-0: Fly out, F9 (Flyball, 8RS)
Batting: RHB Gabriel Bernal 0-0: Ball
1-0: Called Strike
1-1: Ball
2-1: Foul Ball, location: 2F
2-2: Foul Ball, location: 2F
2-2: Ball
3-2: Strikes out swinging
Top of the 5th over - 0 run(s), 0 hit(s), 0 error(s), 0 left on base; Grand Rapids HS 0 - Tacoma HS 3
BOTTOM OF THE 5TH
Tacoma HS Torchmen batting - Pitching for Grand Rapids HS Summit : LHP Tom Simms
Batting: RHB Dexter Wooten 0-0: Ball
1-0: Swinging Strike
1-1: Ball
2-1: Swinging Strike
2-2: Ground out 5-3 (Groundball, 56S)
Batting: RHB Millard Ferguson 0-0: Ball
1-0: DOUBLE (Popup, 34D)
Batting: LHB Larry Estes 0-0: Ball
1-0: Foul Ball, location: 2F
1-1: Swinging Strike
1-2: Ball
2-2: Ball
3-2: Fly out, F5 (Popup, 5DF)
Batting: RHB Harold Allen 0-0: Ball
1-0: Ball
2-0: Called Strike
2-1: Foul Ball, location: 2F
2-2: Ground out 5-3 (Groundball, 56)
Bottom of the 5th over - 0 run(s), 1 hit(s), 0 error(s), 1 left on base; Grand Rapids HS 0 - Tacoma HS 3
TOP OF THE 6TH
Grand Rapids HS Summit batting - Pitching for Tacoma HS Torchmen : RHP Dax Green
Batting: RHB Bob Barnes 0-0: Ball
1-0: SINGLE (Groundball, 34D)
Batting: LHB Chris Henry 0-0: Called Strike
0-1: Ball
1-1: Ball
2-1: Swinging Strike
2-2: Ball
3-2: Strikes out looking
Batting: RHB Jonathan Holden 0-0: Fielders Choice at 2nd, 5-4 (Groundball, 5)
Batting: LHB Carlos Gutiérrez 0-0: Ground out 5-3 (Groundball, 5S)
Top of the 6th over - 0 run(s), 1 hit(s), 0 error(s), 1 left on base; Grand Rapids HS 0 - Tacoma HS 3
BOTTOM OF THE 6TH
Tacoma HS Torchmen batting - Pitching for Grand Rapids HS Summit : LHP Tom Simms
Batting: RHB Edison Jones 0-0: Foul Ball, location: 2F
0-1: Ball
1-1: Swinging Strike
1-2: Strikes out swinging
Batting: RHB Ray Bray 0-0: Ball
1-0: Foul Ball, location: 2F
1-1: Foul Ball, location: 2F
1-2: Foul Ball, location: 2F
1-2: Strikes out looking
Batting: RHB Dave MacGruder 0-0: Swinging Strike
0-1: Called Strike
0-2: Ball
1-2: Strikes out swinging
Bottom of the 6th over - 0 run(s), 0 hit(s), 0 error(s), 0 left on base; Grand Rapids HS 0 - Tacoma HS 3
TOP OF THE 7TH
Grand Rapids HS Summit batting - Pitching for Tacoma HS Torchmen : RHP Dax Green
Batting: LHB Harry Adams 0-0: Foul Ball, location: 2F
0-1: Called Strike
0-2: Ball
1-2: Strikes out swinging
Pitching: RHP Anthony Adams
Batting: LHB Daniel Orozco 0-0: SOLO HOME RUN (Flyball, 9D), Distance : 373 ft
Batting: RHB Júlio Ramos 0-0: Swinging Strike
0-1: Ball
1-1: Swinging Strike
1-2: Ball
2-2: Foul Ball, location: 2F
2-2: Strikes out swinging
Batting: RHB Leroy Bates 0-0: Ball
1-0: DOUBLE (Line Drive, 7LM)
Batting: RHB Gabriel Bernal 0-0: Ball
1-0: Foul Ball, location: 2F
1-1: Called Strike
1-2: Strikes out looking
Top of the 7th over - 1 run(s), 2 hit(s), 0 error(s), 1 left on base; Grand Rapids HS 1 - Tacoma HS 3
BOTTOM OF THE 7TH
Tacoma HS Torchmen batting - Pitching for Grand Rapids HS Summit : LHP Tom Simms
Pitching: RHP Philip Walker
Batting: RHB Scotty Sherman 0-0: Ball
1-0: Ball
2-0: SINGLE (Groundball, 6MD)
Batting: RHB Cristián Ortega 0-0: Bunted foul
0-1: Ball
1-1: Bunted foul
1-2: Ball
2-2: Foul Ball, location: 2F
2-2: Ball
3-2: Base on Balls
Scotty Sherman to second
Batting: RHB Dexter Wooten 0-0: Ball
1-0: Ball
2-0: Called Strike
2-1: Ball
3-1: Called Strike
Single, Error in OF, E7, batter to second base
Scotty Sherman scores
Cristián Ortega to third
Batting: RHB Millard Ferguson 0-0: Ball
1-0: Foul Ball, location: 2F
1-1: 3-RUN HOME RUN (Line Drive, 7D), Distance : 379 ft
Pitching: LHP José Padilla
Batting: LHB Larry Estes 0-0: Ball
1-0: Foul Ball, location: 2F
Single, Error in OF, E9, batter to second base
Batting: RHB Harold Allen 0-0: Ball
1-0: Ground out 6-3 (Groundball, 6M)
Larry Estes to third
Batting: RHB Edison Jones 0-0: Ball
Wild Pitch!
Larry Estes scores
1-0: Ball
2-0: Foul Ball, location: 2F
2-1: Fly out, F1 (Popup, 2R)
Batting: RHB Ray Bray 0-0: Foul Ball, location: 2F
0-1: Called Strike
Single, Error in OF, E7, batter to second base
Batting: RHB Dave MacGruder 0-0: Ball
1-0: Ball
2-0: Swinging Strike
2-1: Ball
3-1: Base on Balls
Batting: RHB Scotty Sherman 0-0: Foul Ball, location: 2F
0-1: Swinging Strike
0-2: Ball
1-2: Foul Ball, location: 2F
1-2: Strikes out looking
Bottom of the 7th over - 5 run(s), 5 hit(s), 3 error(s), 2 left on base; Grand Rapids HS 1 - Tacoma HS 8
TOP OF THE 8TH
Grand Rapids HS Summit batting - Pitching for Tacoma HS Torchmen : RHP Anthony Adams
Now in LF: Kel Turner
Batting: RHB Bob Barnes 0-0: Foul Ball, location: 2F
0-1: Foul Ball, location: 2F
0-2: Ball
1-2: Foul Ball, location: 2F
1-2: Strikes out looking
Batting: LHB Chris Henry 0-0: Called Strike
0-1: Ground out 4-3 (Groundball, 4)
Batting: RHB Jonathan Holden 0-0: Ball
1-0: Ball
2-0: Foul Ball, location: 2F
2-1: Ball
3-1: Foul Ball, location: 2F
3-2: Strikes out swinging
Top of the 8th over - 0 run(s), 0 hit(s), 0 error(s), 0 left on base; Grand Rapids HS 1 - Tacoma HS 8
BOTTOM OF THE 8TH
Tacoma HS Torchmen batting - Pitching for Grand Rapids HS Summit : LHP José Padilla
Batting: RHB Cristián Ortega 0-0: Ball
1-0: Swinging Strike
1-1: Fly out, F9 (Flyball, 89D)
Batting: RHB Dexter Wooten 0-0: SOLO HOME RUN (Flyball, 89XD), Distance : 407 ft
Batting: RHB Millard Ferguson 0-0: Called Strike
0-1: Ball
1-1: Ball
2-1: Called Strike
2-2: Strikes out swinging
Batting: LHB Larry Estes 0-0: Called Strike
0-1: Ground out 4-3 (Groundball, 4)
Bottom of the 8th over - 1 run(s), 1 hit(s), 0 error(s), 0 left on base; Grand Rapids HS 1 - Tacoma HS 9
TOP OF THE 9TH
Grand Rapids HS Summit batting - Pitching for Tacoma HS Torchmen : RHP Anthony Adams
Batting: LHB Carlos Gutiérrez 0-0: Ball
1-0: Ball
2-0: Ball
Monday, December 5th, 2016 - OOTP Baseball 17.12 Build 75